 Seeded DCSS version 0.30.1-9-gdf580d7c3d (webtiles) character file.

Game seed: 920673320228942481 (custom seed)

310 Psyclone the Destroyer (level 6, 17/32 HPs)
             Began as a Deep Elf Conjurer on Oct 9, 2023.
             Was an Initiate of Gozag.
             Quit the game on level 7 of the Dungeon.
             The game lasted 00:01:54 (794 turns).

Psyclone the Destroyer (Deep Elf Conjurer)           Turns: 794, Time: 00:01:54

Health: 17/32      AC:  2    Str:  8    XL:     6   Next: 18%
Magic:  11/11      EV: 12    Int: 24    God:    Gozag
Gold:   1826       SH:  0    Dex: 12    Spells: 8/11 levels left

rFire   . . .        (no weapon)
rCold   . . .        (no shield)
rNeg    . . .        a - +0 robe
rPois   .            (no helmet)
rElec   .            (no cloak)
rCorr   .            (no gloves)
SInv    .            (no boots)
Will    .....        e - amulet of the acrobat
Stlth   ++           (no ring)
HPRegen 0.25/turn    (no ring)
MPRegen 0.12/turn

%: acrobat
@: no status effects
A: low MP 1, strong 1, wild magic 1, evolution 1
a: Renounce Religion, Potion Petition, Call Merchant, Bribe Branch


You were on level 7 of the Dungeon.
You worshipped Gozag.
Gozag was most pleased with you.
You visited 1 branch of the dungeon, and saw 7 of its levels.

You collected 3728 gold pieces.
You spent 507 gold pieces at shops.
You paid 1395 gold pieces to Gozag.

Inventory:

Hand Weapons
 i - the +9 short sword of Cutorgh {drain, Will+ SInv}
   (You bought it in a shop on level 7 of the Dungeon)

   SInv:      It lets you see invisible.
   Will:      It increases your willpower.
Armour
 a - a +0 robe (worn)
 c - the +0 leather armour "Xixel" {rC+ Regen+ Int-2 Stlth+}
   (You bought it in a shop on level 7 of the Dungeon)

   Int:       It affects your intelligence (-2).
   rC:        It protects you from cold.
   Regen:     It increases your rate of health regeneration.
   Stlth:     It makes you more stealthy.
Jewellery
 e - an amulet of the acrobat (around neck)
Potions
 b - a potion of magic
 d - a potion of lignification {unknown}
 f - a potion of ambrosia {unknown}
 g - a potion of might {unknown}


   Skills:
 - Level 2.4 Dodging
 - Level 2.4 Stealth
 - Level 3.0 Spellcasting
 + Level 8.2 Conjurations


You had 8 spell levels left.
You knew the following spells:

 Your Spells              Type           Power      Damage    Failure   Level
a - Magic Dart            Conj           100%       1d8       1%          1
b - Searing Ray           Conj           100%       2d8       1%          2

Your spell library contained the following spells:

 Spells                   Type           Power      Damage    Failure   Level
 Dazzling Flash           Conj/Hex       60%        N/A       10%         3
 Stone Arrow              Conj/Erth      60%        3d10      10%         3
 Sandblast                Erth           8%         2d5       16%         1
 Passwall                 Tmut/Erth      3%         N/A       22%         2
 Fulminant Prism          Conj/Hex       15%        3d10      28%         4
 Iskenderun's Mystic Bla  Conj/Tloc      30%        2d8       28%         4


Dungeon Overview and Level Annotations

Branches:
Dungeon (7/15) Zot: 26723
 Temple: D:4-7

Altars:
Gozag

Shops:
D:7 :*

Annotations:
D:5 Menkaure


Innate Abilities, Weirdness & Mutations

Your magical capacity is low. (-10% MP)
Your muscles are strong. (Str +4, Int/Dex -1)
Your spells are a little harder to cast, but a little more powerful.
You have hidden genetic potential.


Message History

You now have 3728 gold pieces (gained 3687).
You kneel at the altar of Gozag.
Gozag welcomes you!
You pay a service fee of 134 gold.
You have enough gold to petition Gozag for potion effects.
You have enough gold to fund merchants seeking to open stores in the dungeon.
You have enough gold to bribe branches to halt enemies' attacks and recruit allies. [a] 690 gold - Quggarew's Antique Weapon Boutique [b] 799 gold - Peces's Antique Armour Boutique [c] 483 gold - Doucsuwu's Book Boutique Fund which merchant?
Doucsuwu invites you to visit her Book Boutique. [a] 692 gold - Lelybroe's General Store [b] 738 gold - Oloxt's Distillery [c] 778 gold - Qyghewn's Assorted Antiques Fund which merchant?
You no longer have enough gold to bribe branches to halt enemies' attacks and recruit allies.
Qyghewn invites you to visit her Assorted Antiques.
c - the +0 leather armour "Xixel" {rC+ Regen+ Int-2 Stlth+}
h - a scroll labelled PEPHEASMET
i - the +9 short sword of Cutorgh {drain, Will+ SInv}
j - a fizzy ruby potion Thank you for shopping at Qyghewn's Assorted Antiques!
As you read the scroll labelled PEPHEASMET, it crumbles to dust.
Your body is wracked with pain!
It was a scroll of torment.
You take 15 damage, and have 17/32 hp.
MASSIVE DAMAGE!!
It was a potion of mutation.
You feel extremely strange.
You feel a hidden potential growing inside you.
You feel stronger.
You feel less energetic.
You feel less in control of your magic.
You now have 11/11 mp.
Okay, then.
Search for what [? for help]? fizzy ru Can't find anything matching that.
Unknown command.
Unknown command.
Unknown command.
Unknown command.
Unknown command.
Unknown command.
Are you sure you want to abandon this character and quit the game? (Confirm with "yes".)

#.... #.... #....
#.... #.# #.... ..
#.... #s## #..^.
##### #?.# #....
#∩@.#######.###....
#._.#........##....
#...#.........#....
#+++#.........s....
#...#........#.....
+.P.'........#.#.##
+.P.'........+.....
+.P.'!.......#...##
#...#.........>.##


There were no monsters in sight!

Vanquished Creatures
  A steam dragon (D:7)
  A phantom (D:6)
  A scorpion (D:5)
  A hound (D:4)
  A dart slug (D:1)
  3 orcs (D:4)
  A ball python (D:4)
  An endoplasm (D:3)
10 creatures vanquished.

Notes
Turn   | Place    | Note
-------+----------+-------------------------------------------
     0 | D:1      | Psyclone the Deep Elf Conjurer began the quest for the Orb.
     0 | D:1      | Reached XP level 1. HP: 10/10 MP: 6/6
   164 | D:4      | Noticed a hound
   169 | D:4      | Killed a hound
   170 | D:4      | Reached skill level 5 in Conjurations
   170 | D:4      | Reached XP level 2. HP: 15/15 MP: 2/8
   170 | D:4      | Reached XP level 3. HP: 19/19 MP: 2/9
   391 | D:5      | Entered Level 5 of the Dungeon
   417 | D:5      | Noticed a scorpion
   423 | D:5      | Killed a scorpion
   424 | D:5      | Reached skill level 6 in Conjurations
   424 | D:5      | Reached XP level 4. HP: 24/24 MP: 3/10
   479 | D:5      | Learned a level 2 spell: Searing Ray
   484 | D:5      | Noticed Menkaure
   505 | D:6      | Noticed a phantom
   512 | D:6      | Killed a phantom
   513 | D:6      | Reached skill level 7 in Conjurations
   513 | D:6      | Reached XP level 5. HP: 28/28 MP: 2/11
   515 | D:6      | Noticed a centaur
   660 | D:7      | Noticed a steam dragon
   668 | D:7      | Killed a steam dragon
   669 | D:7      | Reached skill level 8 in Conjurations
   669 | D:7      | Reached XP level 6. HP: 32/32 MP: 3/12
   682 | D:7      | Found an opulent altar of Gozag.
   740 | D:7      | Identified 3 scrolls of acquirement
   740 | D:7      | Acquired 1178 gold pieces
   748 | D:7      | Acquired 1340 gold pieces
   754 | D:7      | Acquired 1169 gold pieces
   756 | D:7      | Became a worshipper of Gozag Ym Sagoz the Greedy
   792 | D:7      | Bought a steaming leather armour for 210 gold pieces
   792 | D:7      | Identified the +0 leather armour "Xixel" {rC+ Regen+ Int-2
                  | Stlth+} (You bought it in a shop on level 7 of the Dungeon)
   792 | D:7      | Bought a scroll labelled PEPHEASMET for 30 gold pieces
   792 | D:7      | Bought a twisted short sword for 240 gold pieces
   792 | D:7      | Identified the +9 short sword of Cutorgh {drain, Will+
                  | SInv} (You bought it in a shop on level 7 of the Dungeon)
   792 | D:7      | Bought a fizzy ruby potion for 27 gold pieces
   793 | D:7      | Gained mutation: You have hidden genetic potential. [potion
                  | of mutation]
   793 | D:7      | Gained mutation: Your muscles are strong. (Str +4, Int/Dex
                  | -1) [potion of mutation]
   793 | D:7      | Gained mutation: Your magical capacity is low. (-10% MP)
                  | [potion of mutation]
   793 | D:7      | Gained mutation: Your spells are a little harder to cast,
                  | but a little more powerful. [potion of mutation]
   794 | D:7      | Quit the game

Illustrated notes

Levels and vault maps discovered:
D:1:      dpeg_arrival_orchard, layout_basic
D:2:      layout_loops_corners, uniq_natasha, uniq_crazy_yiuf_cottage
D:3:      layout_basic, serial_shops, nicolae_shop_stone, shop
D:4:      layout_basic, nicolae_figureground_sparkle, uniq_sigmund, uniq_robin,
          uniq_blork_the_orc
D:5:      layout_cave_pools, nicolae_ru_path_of_blood, minmay_quadrilaterals,
          uniq_menkaure, uniq_ijyb
D:6:      cheibrodos_barr_body, layout_rooms, lemuel_doored_altar,
          minmay_temple_entry_large_hall, hangedman_decor_growths,
          minmay_fractal_squares_gapless_5
D:7:      layout_basic, mainiacjoe_overflow_big_doors, lemuel_tele_altar,
          zin_scriptorium, nicolae_figureground_pulse, uniq_duvessa

Skill      XL: |  1  2  3  4  5 |
---------------+----------------+-----
Conjurations   | 5 6 7 8 |  8.2
Dodging        | |  2.4
Stealth        | |  2.4
Spellcasting   | |  3.0

Action                     |  1- 3 |  4- 6 || total
---------------------------+-------+-------++-------
   Cast: Magic Dart        |    22 |     3 ||    25
         Searing Ray       |       |     3 ||     3
 Invoke: Call Merchant     |       |     2 ||     2
    Use: Scroll            |       |     4 ||     4
         Potion            |       |     1 ||     1
  Dodge: Dodged            |     1 |     8 ||     9
